 Dungeon Crawl Stone Soup version 0.19-a0-1888-g6ba2374 (webtiles) character file.

92145 Naow the Tortoise (level 16, -8/193 HPs)
             Began as a Formicid Fighter on Oct 17, 2016.
             Was an Elder of Okawaru.
             Mangled by a snapping turtle (16 damage)
             ... on level 4 of the Shoals.
             The game lasted 01:03:38 (22162 turns).

Naow the Tortoise (Formicid Fighter)               Turns: 22162, Time: 01:03:39

Health: -8/193     AC: 28    Str: 31    XL:     16   Next: 52%
Magic:  0/25       EV:  2    Int: 10    God:    Okawaru [****..]
Gold:   1551       SH: 17    Dex: 10    Spells: 0 memorised, 15 levels left

rFire  . . .     SeeInvis +     V - +2 battleaxe (flame)
rCold  + + .     Gourm    .     (armour currently unavailable)
rNeg   + + +     Faith    .     Y - +2 shield {rN+}
rPois  +         Spirit   +     (helmet unavailable)
rElec  +         Dismiss  .     (cloak currently unavailable)
rCorr  +         Reflect  .     (gloves currently unavailable)
MR     ++...     Harm     .     (boots currently unavailable)
Stlth  +++.......               W - amulet of Vibrask {Spirit rF- rN+ Slay+2 SInv}
                                u - ring of protection from cold
                                j - ring of protection from magic

@: mighty, tree-form, resistant, heroism, mesmerised
A: permanent stasis, dig shafts and tunnels, four strong arms, (antennae 0)
a: Heroism, Renounce Religion


You were on level 4 of the Shoals.
You worshipped Okawaru.
Okawaru was greatly pleased with you.
You were hungry.
You were a tree.
You visited 5 branches of the dungeon, and saw 24 of its levels.
You also visited: Ossuary and Ice Cave.

You collected 1551 gold pieces.

Inventory:

Hand Weapons
 b - a +1 war axe of flaming
 V - a +2 battleaxe of flaming (weapon)
Armour
 a - a +1 pair of gloves of strength (melded)
 g - a +0 cloak (melded)
 x - a cursed +0 pair of boots (melded)
 T - a +2 crystal plate armour of cold resistance (melded)
 Y - a +2 shield of positive energy (worn)
Jewellery
 i - an uncursed amulet of regeneration
 j - a ring of protection from magic (left branch)
 n - an uncursed ring of ice
 u - a ring of protection from cold (right branch)
 J - an uncursed ring of fire
 M - an uncursed ring of flight
 W - the amulet of Vibrask (around neck) {Spirit rF- rN+ Slay+2 SInv}
   (You acquired it on level 3 of the Lair of Beasts)

   [amulet of guardian spirit]

   It causes incoming damage to be split between your health and magic.
   It affects your accuracy and damage with ranged weapons and melee attacks
   (+2).
   It makes you vulnerable to fire.
   It protects you from negative energy.
   It lets you see invisible.
Wands
 h - a wand of polymorph (7/24)
 q - a wand of lightning (9/15)
 s - a wand of flame (23/48)
 w - a wand of disintegration (15/24)
Scrolls
 e - 3 scrolls of identify
 k - 12 scrolls of remove curse
 t - 2 scrolls of magic mapping
Potions
 c - a potion of invisibility {unknown}
 d - 3 potions of might
 m - 2 potions of flight
 p - 4 potions of curing
 r - 3 potions of agility
 v - 2 potions of brilliance
 A - a potion of cure mutation
 B - a potion of lignification
 C - a potion of cancellation
 D - a potion of resistance
Books
 y - the Incunabulum of the Turnip
   (You found it on level 4 of the Shoals)

   Spells                             Type                      Level
   a - Sandblast                      Earth                        1
   b - Repel Missiles                 Charms/Air                   2
   c - Poisonous Cloud                Conjuration/Poison/Air       6
   d - Tornado                        Air                          9
Comestibles
 f - 11 bread rations
 l - a slice of pizza
 o - 11 chunks of flesh
 z - a meat ration
 O - 40 fruits


   Skills:
 + Level 12.7(17.7) Fighting
 - Level 14.4(19.4) Axes
 - Level 17.2(22.2) Armour
 - Level 11.7(16.7) Shields
 - Level 12.0 Invocations


You had 15 spell levels left.
You didn't know any spells.

Dungeon Overview and Level Annotations

Branches:
Dungeon (12/15)            Temple (1/1) D:7            Lair (6/6) D:10
 Shoals (4/4) Lair:4       Spider (1/4) Lair:4        Slime (0/5) Lair:5
    Orc (0/2) D:9

Altars:
Ashenzari
Cheibriados
Dithmenos
Elyvilon
Fedhas
Gozag
Hepliaklqana
Kikubaaqudgha
Makhleb
Nemelex Xobeh
Okawaru
Qazlal
Ru
Sif Muna
Trog
Uskayaw
Xom
Yredelemnul
Zin
The Shining One

Shops:
D:5 *

Annotations:
D:3 Naow's ghost, amateur FoFi
D:5 Minion's ghost, novice HOFi
D:12 1 runed door
Lair:5 exclusion: oklob plant
Lair:6 exclusion: 2 oklob plants
Shoals:4 Aizul


Innate Abilities, Weirdness & Mutations

You are under a permanent stasis effect.
You can dig through walls and to a lower floor.
Your four strong arms can wield two-handed weapons with a shield.
((You have a pair of large antennae on your head. (SInv)))


Message History

Your unstable footing causes you to fumble your attack.
You block the sea snake's attack. You block the water nymph's attack.
Aizul coils herself and waves her upper body at you.
You fall asleep.
The merfolk impaler barely misses you.
The merfolk impaler hits you from afar with a trident of holy wrath!!
You wake up.
* * * LOW HITPOINT WARNING * * *
The merfolk impaler hits you but does no damage.
The merfolk hits you but does no damage.
You turn into a tree.
Your +0 cloak melds into your body.
Your +1 pair of gloves of strength melds into your body.
Your cursed +0 pair of boots melds into your body.
Your +2 crystal plate armour of cold resistance melds into your body.
You feel weaker.
You feel less resistant to cold.
Your roots penetrate the ground.
You are feeling hungry.
The merfolk javelineer hits you from afar with a spear!
* * * LOW HITPOINT WARNING * * *
The snapping turtle bites you from afar!
You die...

≈≈≈≈≈≈≈≈≈≈≈≈≈≈#####≈≈...
≈≈≈≈≈≈≈≈≈P≈≈≈≈≈≈≈≈≈≈≈≈≈≈
≈≈≈≈≈≈≈≈≈PP≈≈≈..≈≈≈≈≈≈≈≈
≈≈≈≈≈≈≈≈≈≈≈≈≈.......≈≈≈≈
≈≈≈≈≈≈≈≈≈≈≈≈≈........≈≈≈
≈≈..)≈≈≈≈≈≈≈≈..m......≈≈
≈≈..)≈≈≈≈≈≈≈≈..<......≈≈
≈≈.≈≈≈≈≈≈≈≈≈≈≈..S.m...≈≈
≈≈≈≈≈≈≈≈≈≈≈≈≈≈..♣mtHmm≈≈
≈≈≈≈≈≈≈≈≈≈≈≈≈≈≈Sm≈mm.≈≈≈
≈≈≈≈≈≈≈≈≈≈≈≈≈≈≈≈mmm.≈≈≈≈
≈#####≈≈≈≈≈≈≈≈≈≈≈≈≈≈≈≈≈≈
# { ##≈≈≈≈≈≈≈≈≈≈≈≈≈≈≈≈≈
#≈≈≈≈≈≈≈≈≈≈≈≈≈≈≈## {
{#≈≈≈≈≈≈≈≈≈≈≈.≈≈## {
#≈≈≈≈≈≈≈≈≈≈..≈≈#
#≈≈≈≈≈≈≈≈≈≈≈


You could see Aizul, 5 merfolk impalers, a merfolk javelineer, a sea snake, a
snapping turtle, 3 merfolk, a siren, a water nymph and a harpy.

Vanquished Creatures
  Gastronok (Lair:1)
  An emperor scorpion (Lair:4)
  A reaper (IceCv)
  5 merfolk impalers (Shoals:3)
  The ghost of Zigma the Grappler, a journeyman DrMo of Makhleb (Lair:2)
  4 hydras
  2 merfolk avatars
  Erica (Lair:2)
  2 alligator snapping turtles (Shoals:3)
  4 merfolk aquamancers
  6 death yaks (Lair:4)
  A satyr (Shoals:2)
  Urug (Lair:4)
  The ghost of Naow the Blocker, a novice FoFi of Okawaru (D:8)
  3 hill giants
  3 sea snakes
  12 harpies
  2 wolf spiders
  10 manticores
  17 fauns
  An ugly thing (D:12)
  4 cyclopes
  2 ice statues (IceCv)
  A moth of wrath (Spider:1)
  7 sirens
  Joseph (D:7)
  Psyche (D:9)
  9 water nymphs
  3 black mambas
  A gargoyle (D:7)
  9 spiny frogs
  A rime drake (Lair:5)
  A kobold demonologist (D:11)
  8 ice devils (IceCv)
  4 komodo dragons
  3 demonic crawlers
  4 wind drakes
  27 merfolk
  A jumping spider (Spider:1)
  Prince Ribbit (D:7)
  A meliai (D:12)
  2 two-headed ogres
  A slime creature (D:10)
  6 hippogriffs
  A polar bear (Lair:4)
  21 dream sheep
  8 snapping turtles
  11 blink frogs
  2 redbacks (Lair:4)
  4 tarantellas
  9 water elementals
  A spriggan (D:7)
  4 wyverns
  Eustachio (D:6)
  46 yaks
  2 basilisks (Lair:3)
  A hungry ghost (D:12)
  A steam dragon (D:8)
  2 wargs (D:9)
  10 water moccasins
  2 hell hounds
  5 porcupines
  A black bear (D:8)
  5 orc warriors
  A necrophage (D:7)
  A sky beast (D:11)
  2 ogres
  A phantom (D:6)
  5 centaurs
  5 big kobolds
  11 crocodiles
  17 bullfrogs
  A scorpion (D:8)
  3 killer bees (D:9)
  3 wights (D:10)
  5 electric eels
  3 howler monkeys
  4 crimson imps
  A bullfrog zombie (D:9)
  3 quasits
  A bullfrog skeleton (D:9)
  2 hounds
  A jelly (D:11)
  7 orc priests
  A centaur skeleton (D:12)
  11 orc wizards
  8 worker ants
  2 hound zombies
  A hound skeleton (D:4)
  8 mummies (Ossuary)
  A howler monkey zombie (D:7)
  9 gnolls
  12 adders
  7 shadow imps
  8 white imps (IceCv)
  5 ufetubi (IceCv)
  An ooze (D:1)
  An adder zombie (D:7)
  4 adder skeletons
  2 worms (D:2)
  4 dart slugs
  A leopard gecko (D:3)
  46 orcs
  5 giant cockroaches
  3 gnoll zombies (Ossuary)
  9 goblins
  5 hobgoblins
  17 jackals
  5 quokkas
  2 ball pythons
  9 bats
  2 frilled lizards (D:2)
  A giant cockroach zombie (D:6)
  38 kobolds
  3 kobold zombies (Ossuary)
  2 orc zombies (Ossuary)
  6 rats
  A bush (Lair:2)
  4 fungi
  8 plants
643 creatures vanquished.

Vanquished Creatures (others)
  A blink frog (Lair:5)
  A shadow imp (D:10)
  4 white imps (IceCv)
  4 ufetubi (IceCv)
  A fungus (Lair:6)
  14 plants
25 creatures vanquished.

Grand Total: 668 creatures vanquished

Notes
Turn   | Place    | Note
-------+----------+-------------------------------------------
     0 | D:1      | Naow the Formicid Fighter began the quest for the Orb.
     0 | D:1      | Reached XP level 1. HP: 18/18 MP: 1/1
    94 | D:1      | Reached XP level 2. HP: 24/24 MP: 2/2
   285 | D:1      | Reached XP level 3. HP: 22/29 MP: 3/3
   766 | D:2      | Reached XP level 4. HP: 35/35 MP: 4/4
  1374 | D:2      | Found a sparkling altar of Nemelex Xobeh.
  1507 | D:2      | Reached XP level 5. HP: 38/41 MP: 5/5
  1703 | D:3      | Reached skill level 5 in Axes
  1715 | D:3      | Noticed Naow's ghost (amateur FoFi)
  1819 | D:4      | Reached XP level 6. HP: 45/47 MP: 6/6
  1977 | D:4      | Found a sand-covered staircase.
  2029 | Ossuary  | Entered an ossuary
  2600 | D:4      | Found a glowing golden altar of the Shining One.
  2605 | D:4      | Found a shadowy altar of Dithmenos.
  2606 | D:4      | Found a snail-covered altar of Cheibriados.
  2609 | D:4      | Found a white marble altar of Elyvilon.
  2610 | D:4      | Found a bloodstained altar of Trog.
  2763 | D:4      | Reached XP level 7. HP: 52/52 MP: 7/7
  2873 | D:5      | Entered Level 5 of the Dungeon
  3008 | D:5      | Reached skill level 5 in Shields
  3088 | D:5      | Found Gozag's Platinum Reserve.
  3088 | D:5      | Found an opulent altar of Gozag.
  3114 | D:5      | Noticed Minion's ghost (novice HOFi)
  3149 | D:6      | Noticed Eustachio
  3177 | D:6      | Killed Eustachio
  3266 | D:6      | Reached XP level 8. HP: 53/58 MP: 8/8
  3757 | D:6      | Reached skill level 4 in Armour
  3914 | D:6      | Found a shimmering altar of Xom.
  4121 | D:7      | Reached skill level 5 in Armour
  4177 | D:7      | Reached XP level 9. HP: 62/64 MP: 9/9
  4240 | D:7      | Found a staircase to the Ecumenical Temple.
  4252 | Temple   | Entered the Ecumenical Temple
  4263 | Temple   | Reached skill level 6 in Armour
  4464 | Temple   | Became a worshipper of Warmaster Okawaru
  4666 | D:7      | Noticed Prince Ribbit
  4677 | D:7      | Killed Prince Ribbit
  4866 | D:7      | Noticed Joseph
  4896 | D:7      | Killed Joseph
  4896 | D:7      | Reached * piety under Okawaru
  5292 | D:8      | Noticed a gargoyle
  5323 | D:7      | Killed a gargoyle
  5323 | D:7      | Reached ** piety under Okawaru
  5396 | D:8      | Reached XP level 10. HP: 51/70 MP: 16/16
  5554 | D:8      | Reached skill level 10 in Invocations
  5694 | D:8      | Reached *** piety under Okawaru
  5824 | D:8      | Noticed Naow's ghost (novice FoFi)
  6296 | D:8      | Killed Naow's ghost
  6514 | D:9      | Found a deep blue altar of Sif Muna.
  6558 | D:9      | Noticed Psyche
  6573 | D:9      | Killed Psyche
  6792 | D:9      | Reached skill level 10 in Shields
  7014 | D:9      | Reached **** piety under Okawaru
  7049 | D:9      | Found a staircase to the Orcish Mines.
  7058 | D:9      | Reached XP level 11. HP: 70/75 MP: 17/20
  7311 | D:10     | Entered Level 10 of the Dungeon
  7438 | D:10     | Noticed a hill giant
  7451 | D:10     | Killed a hill giant
  7647 | D:10     | Found a staircase to the Lair.
  8487 | D:11     | Reached skill level 10 in Axes
  8758 | D:11     | Reached ***** piety under Okawaru
  8774 | D:11     | Noticed a hill giant
  8783 | D:11     | Killed a hill giant
  8897 | D:11     | Noticed a cyclops
  8909 | D:11     | Killed a cyclops
  8909 | D:11     | Reached XP level 12. HP: 28/81 MP: 19/21
  9230 | D:12     | Found a runed door.
  9231 | D:12     | Noticed a deep troll earth mage
  9231 | D:12     | Noticed a sphinx
  9232 | D:12     | Noticed a tengu reaver
  9408 | D:12     | Identified a scroll of acquirement
  9615 | Lair:1   | Entered Level 1 of the Lair of Beasts
  9622 | Lair:1   | Received a gift from Okawaru
 10104 | Lair:1   | Noticed Gastronok
 10128 | Lair:1   | Killed Gastronok
 10335 | Lair:1   | You fall through a shaft!
 10335 | Lair:2   | Noticed a five-headed hydra
 10345 | Lair:2   | Killed a one-headed hydra
 10345 | Lair:2   | Reached XP level 13. HP: 62/86 MP: 19/22
 10528 | Lair:2   | Noticed Zigma's ghost (journeyman DrMo)
 10546 | Lair:2   | Killed Zigma's ghost
 10620 | Lair:2   | Found a frozen archway.
 10627 | IceCv    | Entered an ice cave
 11016 | IceCv    | Reached skill level 7 in Armour
 11026 | IceCv    | Received a gift from Okawaru
 11393 | IceCv    | Noticed a reaper
 11410 | IceCv    | Killed a reaper
 11410 | IceCv    | Reached skill level 8 in Armour
 11547 | IceCv    | Reached skill level 9 in Armour
 11855 | Lair:2   | Noticed Erica
 11861 | Lair:2   | Killed Erica
 12445 | Lair:2   | Reached skill level 10 in Armour
 12659 | Lair:3   | Identified Sif Muna's Handbook of Captivating Translocation
 12738 | Lair:3   | Noticed a four-headed hydra
 12745 | Lair:3   | Killed a one-headed hydra
 12985 | Lair:3   | Received a gift from Okawaru
 13027 | Lair:3   | Got a slimy diamond amulet
 13029 | Lair:3   | Identified the amulet of Vibrask {Spirit rF- rN+ Slay+2 SInv} (You acquired it on level 3 of the Lair of Beasts)
 13417 | Lair:4   | Reached skill level 11 in Armour
 13517 | Lair:4   | Noticed Urug
 13525 | Lair:4   | Killed Urug
 13548 | Lair:4   | Found a hole to the Spider Nest.
 13924 | Lair:5   | Reached skill level 12 in Armour
 13929 | Lair:5   | Reached XP level 14. HP: 91/93 MP: 21/23
 13977 | Lair:5   | Found a staircase to the Slime Pits.
 14519 | Lair:6   | Entered Level 6 of the Lair of Beasts
 14532 | Lair:5   | Reached skill level 13 in Armour
 15133 | Lair:6   | Reached skill level 14 in Armour
 15137 | Lair:6   | Received a gift from Okawaru
 15583 | Lair:4   | Found a staircase to the Shoals.
 15972 | Spider:1 | Entered Level 1 of the Spider Nest
 15981 | Lair:4   | Reached skill level 15 in Armour
 15989 | Spider:1 | Noticed an emperor scorpion
 16022 | Lair:4   | Killed an emperor scorpion
 16022 | Lair:4   | Received a gift from Okawaru
 16543 | Shoals:1 | Entered Level 1 of the Shoals
 16634 | Shoals:1 | Found a runed door.
 16870 | Shoals:1 | Reached XP level 15. HP: 80/98 MP: 18/24
 16889 | Shoals:1 | Reached skill level 16 in Armour
 17919 | Shoals:2 | Reached skill level 17 in Armour
 18336 | Shoals:2 | Reached skill level 5 in Fighting
 18812 | Shoals:2 | Received a gift from Okawaru
 19320 | Shoals:2 | HP: 3/110 [drowned by a drowned soul[a merfolk avatar] (11)]
 19329 | Shoals:2 | HP: 5/110 [drowned by a drowned soul[a merfolk avatar] (8)]
 20188 | Shoals:3 | Reached XP level 16. HP: 70/121 MP: 11/25
 20217 | Shoals:3 | Reached skill level 10 in Fighting
 20457 | Shoals:3 | Received a gift from Okawaru
 22035 | Shoals:4 | Entered Level 4 of the Shoals
 22074 | Shoals:4 | Received a gift from Okawaru
 22085 | Shoals:4 | Identified the Incunabulum of the Turnip
 22154 | Shoals:4 | Noticed Aizul
 22162 | Shoals:4 | HP: 8/193 [merfolk javelineer/spear (7)]
 22162 | Shoals:4 | Mangled by a snapping turtle

Vault maps used:
D:1:      dpeg_arrival_rooms_with_view
D:2:      nemelex_xobeh_ov_fountains_minmay
D:4:      minitemple, lightli_ossuary_entry_decrepit_ruins,
          minmay_misc_feat_tiny
D:5:      nicolae_gozag_zags_fifth_avenue, fiery_altar_vehumet, first_bread,
          serial_shops, nicolae_shop_competitors_out_of_business
D:6:      kennysheep_kobold_camp, tgw_xom, uniq_eustachio
D:7:      the_bakery, minmay_misc_feat_enclosed, uniq_prince_ribbit1,
          uniq_joseph
D:8:      st_stairs_14
D:9:      erik_orc_3, grunt_ministairs_2, lemuel_blue_sif_altar, uniq_psyche
D:10:     minmay_lair_entry_lava
D:12:     minmay_tearing_corner, kennysheep_treasure_room
Temple:   minmay_temple_bridge_abc
Lair:1:   uniq_gastronok
Lair:2:   portal_ice_cave_entry_pillars_1, grunt_megastairs_4, uniq_erica
Lair:3:   grunt_megastairs_3, lemuel_fruit_fields
Lair:4:   minmay_shoals_entry_hut, spider_nest_entry_webs,
          grunt_forest_large_clearings, infiniplex_staircase_pool_2,
          lemuel_fruit_fields, uniq_urug
Lair:5:   minmay_slime_entry_oklob_enclosed
Lair:6:   evilmike_catoblepas_cave, nicolae_quartered_pool_super, dpeg_oklob_1
Shoals:1: lightli_airlock
Shoals:4: shoals_end_simple, shoals_ilsuiw_ice, uniq_aizul
Spider:1: spider_trap
Ossuary:  ossuary_tomb_3
IceCv:    ice_cave_small_demon

Skill      XL: |  1  2  3  4  5  6  7  8  9 10 11 12 13 14 15 16 |
---------------+-------------------------------------------------+-----
Axes           | 3 4 5 6 10 14 | 14.4
Shields        | 7 9 10 11 | 11.7
Armour         | 5 6 12 15 17 | 17.2
Invocations    | 8 12 | 12.0
Fighting       | 9 12 | 12.7

Action                   |  1- 3 |  4- 6 |  7- 9 | 10-12 | 13-15 | 16-18 || total
-------------------------+-------+-------+-------+-------+-------+-------++-------
Melee: War axe           |    65 |   164 |   482 |   308 |       |       ||  1019
       Battleaxe         |       |       |       |   479 |  1022 |   279 ||  1780
Invok: Heroism           |       |       |     1 |    24 |    36 |    12 ||    73
       Finesse           |       |       |       |     1 |     7 |     4 ||    12
 Abil: Dig               |       |       |       |       |     2 |       ||     2
  Use: Scroll            |       |     5 |       |    14 |    13 |       ||    32
       Potion            |       |       |     3 |     2 |    12 |     5 ||    22
  Eat: Chunk             |       |     4 |     9 |    19 |    26 |     3 ||    61
       Royal jelly       |       |     1 |       |       |       |       ||     1
       Fruit             |       |       |       |       |     2 |       ||     2
       Bread ration      |       |       |       |       |     2 |       ||     2
Armor: Scale mail        |    35 |    56 |    77 |       |       |       ||   168
       Plate armour      |       |       |   147 |   279 |    41 |       ||   467
       Crystal plate arm |       |       |       |       |   553 |   140 ||   693
Dodge: Dodged            |    16 |    44 |   147 |   185 |   231 |    51 ||   674
Block: Shield            |    41 |    81 |   321 |   493 |   732 |   165 ||  1833
